 Dungeon Crawl Stone Soup version 0.24.0-2-g5b39cebb1c (webtiles) character file.

Game seed: 17001174530278396810, levelgen mode: deterministic

361 MisterOstroum the Sneak (level 6, -23/32 HPs)
             Began as a Vine Stalker Artificer on Oct 31, 2019.
             Was a Believer of Nemelex Xobeh.
             Killed by a card of wild magic (41 damage)
             ... on level 4 of the Dungeon.
             The game lasted 00:12:34 (3693 turns).

MisterOstroum the Sneak (Vine Stalker Artificer)    Turns: 3693, Time: 00:12:34

Health: -23/32     AC:  5    Str: 17    XL:     6   Next: 66%
Magic:  0/9        EV: 12    Int: 11    God:    Nemelex Xobeh [**....]
Gold:   144        SH:  0    Dex: 14    Spells: 5/5 levels left

rFire    . . .     SeeInvis +   m - +2 short sword (freeze)
rCold    . . .     Gourm    .   (no shield)
rNeg     . . .     Faith    .   b - +0 leather armour
rPois    .         Spirit   +   q - +0 helmet
rElec    .         Reflect  .   (no cloak)
rCorr    .         Harm     .   (no gloves)
MR       .....                  i - +0 pair of boots
Stlth    ++........             v - amulet of the acrobat
HPRegen  0.50/turn              h - ring of see invisible
MPRegen  0.11/turn              (no ring)

@: no status effects
A: fangs 2, regeneration 1, magic shield, antimagic bite, no potion heal 3, rot
immunity
a: Draw Escape, Draw Destruction, Draw Summoning, Renounce Religion


You were on level 4 of the Dungeon.
You worshipped Nemelex Xobeh.
Nemelex Xobeh was pleased with you.
You were not hungry.

You visited 1 branch of the dungeon, and saw 4 of its levels.

You collected 144 gold pieces.

Inventory:

Hand Weapons
 a - a +0 short sword
 g - a +0 rapier
 m - a +2 short sword of freezing (weapon)
 C - a cursed -2 dagger
Missiles
 n - 92 stones (quivered)
 y - 28 arrows
Armour
 b - a +0 leather armour (worn)
 i - a +0 pair of boots (worn)
 q - a +0 helmet (worn)
Jewellery
 h - a ring of see invisible (left hand)
 t - a cursed amulet of inaccuracy {unknown}
 u - an uncursed ring of resist corrosion {unknown}
 v - an amulet of the acrobat (around neck)
Wands
 c - a wand of flame (13)
 d - a wand of enslavement (15)
 f - a wand of random effects (14)
 x - a wand of disintegration (13)
Scrolls
 j - a scroll of teleportation {@r3 !r}
 k - 2 scrolls of blinking {unknown}
 l - 3 scrolls of fear {!r}
 o - 2 scrolls of enchant armour {unknown}
 p - 2 scrolls of remove curse {unknown}
 r - a scroll of noise {unknown}
 s - a scroll of enchant weapon
 w - 3 scrolls of fog {unknown}
Potions
 z - a potion of resistance {unknown}
 A - a potion of agility {unknown}
Comestibles
 e - 4 rations
 B - 4 chunks of flesh


   Skills:
 * Level 3.2 Fighting
 * Level 3.1 Short Blades
 - Level 1.5 Dodging
 - Level 4.0 Stealth
 + Level 2.4 Invocations
 - Level 3.0 Evocations


You had 5 spell levels left.
You didn't know any spells.
Your spell library was empty.

Dungeon Overview and Level Annotations

Branches:
Dungeon (4/15)
 Temple: D:4-7

Altars:
Fedhas
Nemelex Xobeh
Sif Muna

Shops:
D:4 [

Annotations:
D:3 exclusion: door, Natasha
D:4 exclusions: door, ogre, 3 orcs and orc priest


Innate Abilities, Weirdness & Mutations

You have extremely sharp teeth.
Your natural rate of healing is unusually fast.
When hurt, damage is shared between your health and your magic reserves.
Your bite disrupts and absorbs the magic of your enemies.
Potions cannot restore your health.
You are immune to rotting.


Message History

You now have 144 gold pieces (gained 7).
You are feeling hungry.
A jackal comes into view.
The jackal barks!
A jackal comes into view.
There are monsters nearby!
There is a stone staircase leading down here.
You puncture the jackal! You freeze the jackal.
You kill the jackal!
A howler monkey comes into view.
You see here a jackal corpse.
The jackal closely misses you.
The howler monkey howls!
You hit the jackal. You freeze the jackal.
You kill the jackal!
You hear a shout! x2
You barely miss the howler monkey. Your bite misses the howler monkey.
The howler monkey hits you.
You hit the howler monkey. You freeze the howler monkey.
You bite the howler monkey, but do no damage.
The howler monkey is moderately wounded.
The howler monkey hoots and howls with incredible vigour!
You hear a shout! x4
You hit the howler monkey but do no damage.
You bite the howler monkey. You drain its power.
You feel invigorated.
The howler monkey is heavily wounded.
The howler monkey hits you but does no damage.
The howler monkey hits you.
You completely miss the howler monkey. You bite the howler monkey.
You drain its power.
The howler monkey is severely wounded.
The howler monkey hoots and howls with incredible vigour!
You barely miss the howler monkey. You bite the howler monkey.
You drain its power.
The howler monkey is severely wounded.
The howler monkey hits you.
You hit the howler monkey. You freeze the howler monkey.
The howler monkey is almost dead.
The howler monkey barely misses you.
You hit the howler monkey. You freeze the howler monkey.
You kill the howler monkey!
Your Fighting skill increases to level 3!
No target in view!
No target in view!
You see here a howler monkey corpse.
You butcher the howler monkey corpse.
B - 2 chunks of flesh You see here a howler monkey skeleton.
You see here a jackal corpse.
You butcher the jackal corpse.
B - 5 chunks of flesh (gained 3)
You see here a jackal skeleton.
Eating one of 5 chunks of flesh.
You eat one of the 5 chunks of flesh.
This raw flesh tastes terrible.
HP restored.
You see here a howler monkey skeleton.
The orc shouts!
The orc is too close now for your liking.
An orc is nearby!
You completely miss the orc. The orc closely misses you.
An orc wizard comes into view. It is wielding a +0 dagger.
You closely miss the orc. The orc barely misses you.
The orc wizard gestures wildly while chanting.
The orc wizard blinks!
The orc completely misses you.
You see here a howler monkey skeleton.
You barely miss the orc. Your bite misses the orc. The orc misses you.
You closely miss the orc. You bite the orc. You drain its power.
The orc is severely wounded.
The orc hits you with a +0 whip.
You hit the orc. You freeze the orc.
You kill the orc!
You puncture the orc! You freeze the orc.
You kill the orc!
Items here: )) ? † a +0 club; 2 scrolls of teleportation; a +0 whip; an orc corpse The orc completely misses you.
The orc wizard completely misses you.
The orc priest shouts!
You hit the orc priest but do no damage.
Your bite misses the orc priest. The orc priest misses you.
The orc wizard hits you with a +0 dagger.
The orc hits you but does no damage.
You completely miss the orc priest.
The orc priest hits you but does no damage.
The orc wizard hits you but does no damage.
The orc closely misses you.
You draw a card...
You have drawn Wild Magic.
Freezing gases pour from the orc wizard's hands!
The orc priest is caught in an explosion of flying shrapnel!
The explosion engulfs the orc priest!!
You kill the orc priest!
Your Short Blades skill increases to level 3!
The explosion engulfs you!
There is a sudden and violent explosion of flames!
The fireball engulfs the orc!!
You kill the orc!
The fireball engulfs the orc wizard!!
You kill the orc wizard!
The fireball engulfs you!!!
Ouch! That really hurt!
You die...
Your body disappears without a glow.

.#.##. #.....# ..##.
###.### .....#####.#
...........#
#.########.# # #.#
#.# #.##. #.# #.#
#.....#)# #.#######
#...@########........
##.)))÷.÷>......###..
###.##########.....#
#.# ####### #.# ..#
###


There were no monsters in sight!

Vanquished Creatures
  A scorpion (D:4)
  A howler monkey (D:4)
  An orc priest (D:4)
  An iguana (D:4)
  2 orc wizards (D:4)
  A worker ant (D:4)
  An adder (D:3)
  2 oozes
  A worm (D:4)
  3 dart slugs
  3 leopard geckos
  8 orcs
  7 giant cockroaches
  7 goblins
  2 hobgoblins
  6 jackals
  2 quokkas
  2 ball pythons (D:1)
  4 bats
  3 frilled lizards
  10 kobolds
  2 leopard gecko skeletons (D:4)
  7 rats
77 creatures vanquished.

Vanquished Creatures (others)
  A jelly (D:4)
1 creature vanquished.

Grand Total: 78 creatures vanquished

Notes
Turn   | Place    | Note
-------+----------+-------------------------------------------
     0 | D:1      | MisterOstroum the Vine Stalker Artificer began the quest
                  | for the Orb.
     0 | D:1      | Reached XP level 1. HP: 9/9 MP: 3/3
    62 | D:1      | Reached skill level 1 in Fighting
    62 | D:1      | Reached skill level 1 in Short Blades
   122 | D:1      | Reached XP level 2. HP: 7/14 MP: 5/5
   583 | D:1      | Reached XP level 3. HP: 18/18 MP: 6/6
  1364 | D:2      | Found a shimmering blue altar of Sif Muna.
  1786 | D:2      | Found a faded altar of an unknown god.
  1806 | D:2      | Became a worshipper of Nemelex Xobeh the Trickster
  1806 | D:2      | Received a gift from Nemelex Xobeh
  1806 | D:2      | Reached * piety under Nemelex Xobeh
  1806 | D:2      | Received a gift from Nemelex Xobeh
  1953 | D:3      | Noticed Natasha
  2050 | D:3      | Reached skill level 2 in Stealth
  2052 | D:3      | Gained mutation: Your natural rate of healing is unusually
                  | fast. [Vine Stalker growth]
  2052 | D:3      | Reached XP level 4. HP: 21/23 MP: 7/7
  2109 | D:3      | Received a gift from Nemelex Xobeh
  2381 | D:3      | Found a blossoming altar of Fedhas.
  2569 | D:3      | Reached ** piety under Nemelex Xobeh
  2975 | D:4      | Reached skill level 1 in Invocations
  3025 | D:4      | Found Dokaf's Antique Armour Boutique.
  3028 | D:4      | Noticed an ogre
  3060 | D:4      | Reached skill level 3 in Stealth
  3060 | D:4      | Reached XP level 5. HP: 21/26 MP: 8/8
  3226 | D:4      | Received a gift from Nemelex Xobeh
  3341 | D:4      | Reached skill level 4 in Stealth
  3454 | D:4      | Reached XP level 6. HP: 32/32 MP: 6/9
  3693 | D:4      | Killed by a card of wild magic

Levels and vault maps discovered:
D:1:      shiori_arrival_oz, layout_loops_cross
D:2:      layout_loops_ring, lemuel_blue_sif_altar,
          chequers_ecumenical_altar_simple, st_stairs_3
D:3:      layout_basic, gammafunk_temple_overflow_claw, fedhas_altar_3,
          uniq_natasha
D:4:      layout_loops_ring, first_ration, serial_shops, kennysheep_mini

Skill      XL: |  1  2  3  4  5  6 |
---------------+-------------------+-----
Fighting       | 1 2 3 |  3.2
Short Blades   | 1 2 3 |  3.1
Evocations     | 3 |  3.0
Stealth        | 2 3 4 |  4.0
Invocations    | 1 2 |  2.4
Dodging        | |  1.5

Action                   |  1- 3 |  4- 6 || total
-------------------------+-------+-------++-------
Melee: Short sword       |    97 |    85 ||   182
       Bite              |    20 |    25 ||    45
Throw: Stone             |     1 |     6 ||     7
 Abil: Draw Destruction  |       |     6 ||     6
Evoke: Wand              |     2 |     1 ||     3
  Use: Scroll            |     3 |     1 ||     4
 Stab: Sleeping          |     5 |     6 ||    11
  Eat: Chunk             |     3 |     6 ||     9
Armor: Leather armour    |    29 |    15 ||    44
Dodge: Dodged            |    50 |    36 ||    86
